 Dungeon Crawl Stone Soup version 0.31-a0-986-g5e6e4ef867 (webtiles) character file.

Game seed: 9484038241554875278

52 AppTheSpectato the Chopper (level 3, -1/34 HPs)
             Began as a Hill Orc Monk on Nov 10, 2023.
             Slain by a gnoll
             ... wielding a +0 spear
              (5 damage)
             ... on level 2 of the Dungeon.
             The game lasted 00:02:06 (1230 turns).

AppTheSpectato the Chopper (Hill Orc Monk)          Turns: 1230, Time: 00:02:07

Health: -1/34      AC: 11    Str: 15    XL:     3   Next: 85%
Magic:  3/3        EV:  4    Int: 10    God:
Gold:   83         SH:  0    Dex: 13    Spells: 2/2 levels left

rFire   . . .        a - +0 hand axe
rCold   . . .        d - orb {light}
rNeg    . . .        k - +0 plate armour
rPois   .            g - +1 hat {Will+}
rElec   .            (no cloak)
rCorr   .            (no gloves)
SInv    .            (no boots)
Will    +....        (no amulet) Stlth
                     (no ring)
HPRegen 0.25/turn    (no ring)
MPRegen 0.08/turn

%: no passive effects
@: confused, ambrosia-drunk, glowing
A: no striking features
a: no special abilities


You were on level 2 of the Dungeon.
You visited 1 branch of the dungeon, and saw 2 of its levels.

You collected 83 gold pieces.

Inventory:

Hand Weapons
 a - a +0 hand axe (weapon)
Armour
 d - an orb of light (worn)
 g - a +1 hat of willpower (worn)
 k - a +0 plate armour (worn)
Scrolls
 f - a scroll of identify {unknown}
 h - a scroll of teleportation {unknown}
 i - a scroll of enchant armour {unknown}
 j - 2 scrolls of poison {unknown}
 n - a scroll of fear {unknown}
Potions
 b - a potion of resistance {unknown}
 e - a potion of curing {unknown}
 l - a potion of lignification {unknown}
 m - a potion of attraction {unknown}


   Skills:
 + Level 4.6 Fighting
 + Level 5.1 Axes
 - Level 2.5 Dodging


You had 2 spell levels left.
You didn't know any spells.
Your spell library contained the following spells:

 Spells                   Type           Power      Damage    Failure   Level
 Summon Small Mammal      Summ           0%         N/A       100%        1
 Call Canine Familiar     Summ           0%         N/A       100%        3
 Summon Guardian Golem    Hex/Summ       0%         N/A       100%        3


Dungeon Overview and Level Annotations

Branches:
Dungeon (2/15)

Altars:


Message History

A nearby plant withers and dies.
The gnoll hits you but does no damage.
The gnoll hits you from afar with a +0 spear.
The gnoll barely misses you. The gnoll hits you but does no damage.
You slash the gnoll!
The gnoll is almost dead.
You barely miss the gnoll. You hit the gnoll. You hit the plant.
The gnoll hits you with a +0 spear!
The gnoll hits you but does no damage. x3
You hit the gnoll.
You kill the gnoll!
You hit the gnoll but do no damage. You hit the plant but do no damage.
You hit the gnoll. The gnoll hits you but does no damage.
The gnoll hits you with a +0 spear. The gnoll hits you but does no damage.
You hit the gnoll.
The gnoll is severely wounded.
You closely miss the frilled lizard. You hit the gnoll but do no damage.
You hit the plant.
A nearby plant withers and dies.
The gnoll hits you with a +0 spear.
* * * LOW HITPOINT WARNING * * *
The gnoll hits you but does no damage.
The frilled lizard bites you but does no damage.
The gnoll hits you but does no damage.
You are confused.
You feel invigorated. The gnoll hits you with a +0 spear.
* * * LOW HITPOINT WARNING * * *
The gnoll hits you with a +0 spear.
* * * LOW HITPOINT WARNING * * *
The frilled lizard bites you but does no damage.
The gnoll completely misses you.
You hit the gnoll.
The gnoll is almost dead.
You closely miss the frilled lizard. You hit the gnoll but do no damage.
The gnoll hits you with a +0 spear.
* * * LOW HITPOINT WARNING * * *
The gnoll hits you but does no damage.
The frilled lizard bites you but does no damage.
The gnoll completely misses you. The gnoll hits you with a +0 spear.
* * * LOW HITPOINT WARNING * * *
The gnoll hits you from afar with a +0 spear.
You die...

#######.# #..........
.### ####.# #..........
..... #....# #.........[
......##.#### #..........
.......(....# #..........
......##.##.###..........
......#..)....#..
>....>....l.P...#
.#####..@ggPPP..#
#.Pg....?..# #.P...P.P..#
#.PP...P.... ..PPP.PP..#.
#...PPP.P..# #.#.......##
#..........


You could see 3 gnolls and a frilled lizard.

Vanquished Creatures
  A gnoll (D:2)
  A worm (D:2)
  2 dart slugs (D:1)
  6 bats
  3 endoplasms
  2 giant cockroaches (D:1)
  3 hobgoblins (D:1)
  5 jackals
  3 kobolds (D:1)
  3 ball pythons
  A goblin (D:1)
  3 rats
33 creatures vanquished.

Notes
Turn   | Place    | Note
-------+----------+-------------------------------------------
     0 | D:1      | AppTheSpectato the Hill Orc Monk began the quest for the
                  | Orb.
     0 | D:1      | Reached XP level 1. HP: 19/19 MP: 1/1
   142 | D:1      | Reached XP level 2. HP: 27/27 MP: 2/2
   537 | D:1      | Reached XP level 3. HP: 32/33 MP: 3/3
  1218 | D:2      | Reached skill level 5 in Axes
  1230 | D:2      | Slain by a gnoll

Illustrated notes

Levels and vault maps discovered:
D:1:      matt_arrival_spirals, layout_basic, minmay_door_square,
          minmay_misc_feat_tiny, minmay_indecisive_spiral
D:2:      layout_basic, nicolae_grassy_gnolls

Skill      XL: |  1  2  3 |
---------------+----------+-----
Fighting       | 4 |  4.6
Axes           | 5 |  5.1
Dodging        | |  2.5

Action                     || total
---------------------------++-------
  Melee: Hand axe          ||    90
    Use: Potion            ||     1
 Armour: Robe              ||    33
         Plate armour      ||    56
  Dodge: Dodged            ||    56

Table legend: (Time is in decaauts)
 A = Elapsed time spent in this place.
 B = Non-inter-level travel time spent in this place.
 C = Inter-level travel time spent in this place.
 D = Time resting spent in this place.
 E = Time spent auto-exploring this place.
 F = Levels seen in this place.
 G = Mean time per level.
                   A        B        C        D        E       F      G
               +--------+--------+--------+--------+--------+-----+--------+
         Total |   1235 |   1217 |     18 |      0 |    992 |   2 |  617.5 |
       Dungeon |   1235 |   1217 |     18 |      0 |    992 |   2 |  617.5 |
               +--------+--------+--------+--------+--------+-----+--------+

Top non-repeatable levels by time:
     D:1: 908 daAuts
     D:2: 327 daAuts
